 Dungeon Crawl Stone Soup version 0.16.1-18-g436b03c (webtiles) character file.

156 Hamsamwich the Skirmisher (level 5, -2/48 HPs)
             Began as a Hill Orc Fighter on May 3, 2015.
             Was an Initiate of Qazlal.
             Slain by an orc priest
             ... wielding a +0 flail
              (7 damage)
             ... on level 3 of the Dungeon.
             The game lasted 00:12:56 (2222 turns).

Hamsamwich the Skirmisher (Hill Orc Fighter)        Turns: 2222, Time: 00:12:56

Health: -2/48      AC:  8    Str: 20    XL:     5   Next: 38%
Magic:  5/5        EV:  8    Int:  8    God:    Qazlal [......]
Gold:   124        SH:  9    Dex: 10    Spells: 0 memorised, 4 levels left

rFire  . . .     SeeInvis .     a - +0 long sword
rCold  . . .     Clarity  .     g - +0 scale mail
rNeg   . . .     SustAb   .     c - +0 shield
rPois  .         Gourm    .     n - +0 helmet
rElec  .         Spirit   .     (no cloak)
rCorr  .         Warding  .     (no gloves)
rMut   .         Stasis   .     (no boots)
MR     .....                    (no amulet)
Stlth  ..........               (no ring)
                                (no ring)

@: not resistant to hostile enchantments, extremely unstealthy
A: no striking features
a: Renounce Religion, Convert to Beogh


You were on level 3 of the Dungeon.
You worshipped Qazlal.
Qazlal was noncommittal.
You were not hungry.

You visited 1 branch of the dungeon, and saw 3 of its levels.

You collected 124 gold pieces.

Inventory:

Hand weapons
 a - a +0 long sword (weapon)
Armour
 c - a +0 shield (worn)
 g - a +0 scale mail (worn)
 n - a +0 helmet (worn)
Jewellery
 k - an uncursed ring of invisibility {unknown}
Scrolls
 b - a scroll of random uselessness {unknown}
 f - a scroll of enchant armour {unknown}
 i - 3 scrolls of teleportation {unknown}
 m - a scroll of fear {unknown}
Potions
 e - a potion of might
 h - a potion of agility
 l - a potion of heal wounds {unknown}
Comestibles
 d - a meat ration
 j - a slice of pizza


   Skills:
 * Level 5.0 Fighting
 + Level 2.9 Long Blades
 + Level 3.7 Armour
 * Level 1.7 Dodging
 + Level 0.1 Stealth
 + Level 4.1 Shields


You had 4 spell levels left.
You didn't know any spells.

Dungeon Overview and Level Annotations

Branches:
Dungeon (3/15)

Altars:
Fedhas
Nemelex Xobeh
Okawaru
Qazlal
Ru
Vehumet
Yredelemnul
Zin


Message History

Qazlal accepts your kill.
Your Fighting skill increases to level 5!
The orc priest shouts, "Join the one true god or die!"
The orc priest hits you with a flail.
You closely miss the orc priest.
The orc priest calls down the wrath of Beogh upon you.
Something smites you!
* * * LOW HITPOINT WARNING * * *
You slash the orc priest!
The orc priest is moderately wounded.
The orc priest calls upon Beogh to heal the orc.
The orc's wounds heal themselves!
You barely miss the orc priest.
The orc priest is moderately wounded.
The orc priest shouts, "Surrender to Beogh and we'll let you live!"
The orc priest barely misses you.
You slash the orc priest!
The orc priest is almost dead.
The orc priest hits you with a flail!
You die...

#.....####....#
#.............#
#.#######.....#
######.#.# #.....#
#........# #.....#
#.####.#.# #.....# #.#.#
#.##..# #)# # #.....##
#@# #.###....# #o#
#......#.# #.......o#
#####.##.#.# .........
#........#.# .
.#.##############..#.###
.. #..#.#.. ########.#.#
............
########.#.#


You could see an orc priest and an orc.

Vanquished Creatures
  An orc wizard (D:3)
  4 gnolls (D:2)
  5 adders
  A worm (D:3)
  A giant gecko (D:1)
  2 orcs (D:3)
  2 bats
  A giant cockroach (D:1)
  3 jackals (D:2)
  8 kobolds
  A quokka (D:2)
  4 giant newts
  5 goblins
  7 rats
45 creatures vanquished.

Notes
Turn   | Place    | Note
--------------------------------------------------------------
     0 | D:1      | Hamsamwich, the Hill Orc Fighter, began the quest for the Orb.
     0 | D:1      | Reached XP level 1. HP: 19/19 MP: 1/1
   214 | D:1      | Reached XP level 2. HP: 25/27 MP: 2/2
   326 | D:1      | Reached skill level 4 in Fighting
   872 | D:2      | Found a stormy altar of Qazlal.
   882 | D:2      | Became a worshipper of Qazlal Stormbringer
   981 | D:2      | Reached XP level 3. HP: 20/34 MP: 3/3
  1276 | D:2      | Found an iron altar of Okawaru.
  1276 | D:2      | Found a glowing silver altar of Zin.
  1281 | D:2      | Found a blossoming altar of Fedhas.
  1281 | D:2      | Found a radiant altar of Vehumet.
  1281 | D:2      | Found a sparkling altar of Nemelex Xobeh.
  1281 | D:2      | Found a basalt altar of Yredelemnul.
  1309 | D:2      | Reached XP level 4. HP: 41/41 MP: 4/4
  1379 | D:2      | Found a sacrificial altar of Ru.
  1495 | D:2      | Reached skill level 1 in Dodging
  2186 | D:3      | Reached XP level 5. HP: 34/47 MP: 5/5
  2218 | D:3      | Reached skill level 5 in Fighting
  2222 | D:3      | Slain by an orc priest

Action                   |  1- 3 |  4- 6 || total
-------------------------+-------+-------++-------
Melee: Long sword        |    95 |   108 ||   203
  Eat: Meat ration       |     1 |       ||     1
